 Dungeon Crawl Stone Soup version 0.29.0-5-ge4962eb29e (webtiles) character file.

Game seed: 3547176717283027830

18606 Flugkiller the Severer (level 12, -1/112 HPs)
             Began as a Minotaur Fighter on Aug 29, 2022.
             Was a High Priest of Makhleb.
             Slain by a seven-headed hydra (5 damage)
             ... on level 2 of the Lair of Beasts.
             The game lasted 00:06:03 (13541 turns).

Flugkiller the Severer (Minotaur Fighter)          Turns: 13541, Time: 00:06:04

Health: -1/112     AC: 19    Str: 21    XL:     12   Next: 29%
Magic:  17/17      EV:  6    Int:  5    God:    Makhleb [*****.]
Gold:   862        SH:  5    Dex: 17    Spells: 11/11 levels left

rFire   . . .      SeeInvis .   s - +7 hand axe of Joyful Slaughter {vorpal, Dex+2}
rCold   . . .      Faith    .   c - +0 buckler
rNeg    . . .      Spirit   .   m - +0 plate armour
rPois   .          Reflect  .   J - +1 hat
rElec   .          Harm     .   (no cloak)
rCorr   .          Rampage  .   (no gloves)
Will    .....                   u - +2 pair of boots
Stlth   ..........              (no amulet)
HPRegen 0.28/turn               (no ring)
MPRegen 0.15/turn               (no ring)

@: no status effects
A: horns 2, retaliatory headbutt
a: Renounce Religion, Minor Destruction, Lesser Servant of Makhleb, Major
Destruction, Greater Servant of Makhleb


You were on level 2 of the Lair of Beasts.
You worshipped Makhleb.
Makhleb was extremely pleased with you.
You visited 2 branches of the dungeon, and saw 13 of its levels.
You also visited: Sewer and Ossuary.

You collected 922 gold pieces.
You spent 60 gold pieces at shops.

Inventory:

Hand Weapons
 a - a +0 war axe
 s - the +7 hand axe of Joyful Slaughter (weapon) {vorpal, Dex+2}
   (You found it on level 3 of the Dungeon)

   It inflicts extra damage upon your enemies.
   Dex:       It affects your dexterity (+2).
 A - a +1 vorpal battleaxe
   (You took it off Blork the orc on level 5 of the Dungeon)
Armour
 b - a +0 scale mail
 c - a +0 buckler (worn)
 m - a +0 plate armour (worn)
   (You found it on level 4 of the Dungeon)
 u - a +2 pair of boots (worn)
   (You found it on level 1 of the Dungeon)
 J - a +1 hat (worn)
   (You took it off Gastronok on level 8 of the Dungeon)
Jewellery
 r - a +6 ring of strength
   (You found it on level 2 of the Lair of Beasts)
 L - a ring of magical power
   (You found it on level 2 of the Lair of Beasts)
 M - an amulet of faith
   (You found it on level 2 of the Lair of Beasts)
Wands
 x - a wand of mindburst (11)
   (You took it off a goblin on level 4 of the Dungeon)
 y - a wand of roots (4)
   (You found it on level 5 of the Dungeon)
 K - a wand of paralysis (3)
   (You found it on level 11 of the Dungeon)
Scrolls
 f - a scroll of butterflies
 k - 4 scrolls of vulnerability
 l - 4 scrolls of magic mapping
 p - 3 scrolls of immolation
 t - 5 scrolls of teleportation
 z - a scroll of blinking
 B - a scroll of summoning
 E - 3 scrolls of enchant armour
 I - a scroll of brand weapon
Potions
 d - 2 potions of might
 g - a potion of brilliance
 h - 4 potions of haste
 i - 6 potions of berserk rage
 j - a potion of ambrosia
 n - 4 potions of resistance
 o - a potion of attraction {unknown}
 q - 10 potions of curing
 v - 2 potions of magic
 w - 8 potions of heal wounds
 D - 2 potions of flight
 F - 6 potions of mutation
 G - a potion of experience {unknown}
 H - 2 potions of lignification {unknown}
Miscellaneous
 C - a tin of tremorstones (2/2)
   (You found it on level 11 of the Dungeon)


   Skills:
 + Level 11.8 Fighting
 * Level 15.7 Axes
 + Level 11.8 Armour
 - Level 3.6 Shields
 + Level 8.3 Invocations


You had 11 spell levels left.
You didn't know any spells.
Your spell library was empty.

Dungeon Overview and Level Annotations

Branches:
Dungeon (11/15)            Temple (0/1) D:5            Lair (2/5) D:9
  Swamp (0/4) Lair:2          Orc (0/2) D:9           Sewer (visited)
Ossuary (visited)
  Snake: Lair:2-3    Spider: Lair:2-3

Altars:
Cheibriados
Makhleb
Okawaru
Qazlal
Sif Muna
Trog
Yredelemnul

Shops:
D:6 ?   D:7 (

Annotations:
D:10 3 runed translucent doors, Anothat's ghost, journeyman GnFi
Lair:2 3 runed translucent doors, Somebody's ghost, journeyman MeWn


Innate Abilities, Weirdness & Mutations

You have a pair of horns on your head.
You reflexively headbutt those who attack you in melee.


Message History

The tyrant leech bites you.
The tyrant leech draws strength from your injuries!
You lop one of the eight-headed hydra's heads off!
The seven-headed hydra grows two more!
You slash the nine-headed hydra!
The nine-headed hydra is moderately wounded.
You closely miss the tyrant leech.
The seven-headed hydra bites your neqoxec but does no damage.
The seven-headed hydra closely misses your neqoxec.
The seven-headed hydra bites your neqoxec.
The seven-headed hydra bites your neqoxec but does no damage.
The seven-headed hydra bites your neqoxec.
Your neqoxec dies!
Your neqoxec disappears in a puff of smoke!
Your neqoxec barely misses the tyrant leech.
The nine-headed hydra bites you but does no damage. x2
The nine-headed hydra barely misses you.
You block the nine-headed hydra's attack.
The nine-headed hydra bites you but does no damage.
The nine-headed hydra closely misses you.
The nine-headed hydra bites you.
The nine-headed hydra closely misses you.
The nine-headed hydra bites you but does no damage.
You slice one of the nine-headed hydra's heads off!
The eight-headed hydra grows two more!
You hit the ten-headed hydra. You headbutt the ten-headed hydra.
The ten-headed hydra is lightly wounded.
You slash the tyrant leech!
The tyrant leech bites you but does no damage.
You slash the tyrant leech!
The tyrant leech is heavily wounded.
You slice one of the ten-headed hydra's heads off!
The nine-headed hydra grows two more!
You hit the 11-headed hydra.
You hit the seven-headed hydra but do no damage.
Your neqoxec hits the tyrant leech!
The 11-headed hydra bites you but does no damage.
The 11-headed hydra bites you!
The 11-headed hydra bites you but does no damage.
The 11-headed hydra barely misses you.
The 11-headed hydra bites you but does no damage.
The 11-headed hydra bites you. The 11-headed hydra bites you!
You block the 11-headed hydra's attack. The 11-headed hydra bites you!
The 11-headed hydra bites you but does no damage.
You block the 11-headed hydra's attack.
A demon appears!
The seven-headed hydra bites you but does no damage. x3
The seven-headed hydra bites you.
The seven-headed hydra bites you but does no damage. x2
The seven-headed hydra completely misses you.
The swamp worm bites your orange demon!!
Your neqoxec barely misses the tyrant leech.
The tyrant leech bites your neqoxec but does no damage.
The 11-headed hydra bites you but does no damage. x2
The 11-headed hydra bites you.
The 11-headed hydra bites you but does no damage.
The 11-headed hydra bites you!
* * * LOW HITPOINT WARNING * * *
The 11-headed hydra bites you.
* * * LOW HITPOINT WARNING * * *
The 11-headed hydra bites you but does no damage.
You block the 11-headed hydra's attack. x2
The 11-headed hydra barely misses you.
The 11-headed hydra bites you but does no damage.
The seven-headed hydra attacks as you move away!
The seven-headed hydra bites you but does no damage.
The seven-headed hydra completely misses you.
The seven-headed hydra bites you but does no damage. x2
The seven-headed hydra bites you.
* * * LOW HITPOINT WARNING * * *
The seven-headed hydra closely misses you.
You block the seven-headed hydra's attack.
The 11-headed hydra attacks as you move away!
The 11-headed hydra bites you!
* * * LOW HITPOINT WARNING * * *
The 11-headed hydra barely misses you.
The 11-headed hydra bites you but does no damage. x2
You block the 11-headed hydra's attack. The 11-headed hydra bites you.
* * * LOW HITPOINT WARNING * * *
The 11-headed hydra bites you but does no damage.
The 11-headed hydra completely misses you.
The 11-headed hydra bites you but does no damage. x2
The 11-headed hydra bites you!
* * * LOW HITPOINT WARNING * * *
The swamp worm bites your orange demon!
Your neqoxec barely misses the tyrant leech.
The tyrant leech bites your neqoxec!!
Your neqoxec closely misses the tyrant leech.
The tyrant leech bites your neqoxec!
Your neqoxec dies!
Your neqoxec disappears in a puff of smoke!
As you read the scroll of fear, it crumbles to dust.
You assume a fearsome visage.
The swamp worm looks frightened!
The seven-headed hydra resists with some effort.
The tyrant leech looks frightened!
The 11-headed hydra resists with some effort.
The seven-headed hydra bites you.
* * * LOW HITPOINT WARNING * * *
You block the seven-headed hydra's attack.
The seven-headed hydra bites you but does no damage.
The seven-headed hydra bites you.
You die...

..........♣ ..^......♣♣♣
>♣♣♣♣♣♣♣♣ .........♣.♣♣♣♣
~♣§§♣..♣ ...........~♣.♣♣
w§§§§§§ ...........~~..♣♣
.§§§§ ♣ .........♣~≈≈...♣
.§§≈♣ §♣
.........♣~~~≈..♣
♣≈≈≈♣§.♣
.........♣~~≈~♣.♣♣♣~4≈§§♣
.###.#.P♣~≈~~♣§@§♣†w~.§♣
#####♣≈≈≈≈♣..Dww~~.♣♣
♣≈≈≈♣♣♣♣♣D.~♣♣♣ ♣♣♣♣♣
♣♣♣♣♣


You could see a 11-headed hydra, a seven-headed hydra (misshapen), a tyrant
leech (fleeing) and a swamp worm (fleeing).

Vanquished Creatures
  Gastronok (D:8)
  4 two-headed ogres
  A necromancer (Lair:2)
  2 cyclopes (D:11)
  A manticore (D:9)
  2 black mambas (Lair:2)
  2 komodo dragons
  Maggie (D:9)
  A tyrant leech (Lair:2)
  A polar bear (Lair:1)
  Prince Ribbit (D:5)
  2 trolls
  Sigmund (D:2)
  3 wraiths
  A vampire (D:11)
  A wyvern (D:9)
  A basilisk (Lair:1)
  Eustachio (D:6)
  29 yaks
  3 steam dragons
  2 swamp worms (Lair:2)
  5 water moccasins
  Duvessa (D:5)
  2 sky beasts
  An orc warrior (D:11)
  3 ogres
  A phantom (D:5)
  3 centaurs
  Blork the orc (D:5)
  8 bullfrogs
  2 scorpions
  3 wights (D:8)
  Dowan (D:5)
  11 killer bees
  A howler monkey (D:6)
  2 gnoll boudas
  6 jellies
  4 orc priests
  2 hounds
  7 iguanas
  8 orc wizards
  5 polar bear simulacra (Lair:2)
  A wolf simulacrum (Lair:2)
  3 mummies (Ossuary)
  8 gnolls
  8 adders
  3 river rats
  2 white imps
  An ufetubus (D:5)
  2 worms (D:2)
  A dart slug (D:2)
  17 orcs
  5 endoplasms
  A giant cockroach (D:3)
  2 gnoll zombies (Ossuary)
  10 goblins
  7 hobgoblins
  9 jackals
  8 kobolds
  3 quokkas (D:3)
  22 ball pythons
  2 bats (D:2)
  7 frilled lizards
  3 goblin zombies (Ossuary)
  6 kobold zombies (Ossuary)
  31 rats
  5 river rat simulacra (Lair:2)
  A spectral orc (D:10)
306 creatures vanquished.

Vanquished Creatures (collateral kills)
  Fannar (Lair:2)
  A hydra (Lair:2)
2 creatures vanquished.

Vanquished Creatures (others)
  2 fungi
  10 plants
12 creatures vanquished.

Grand Total: 320 creatures vanquished

Notes
Turn   | Place    | Note
-------+----------+-------------------------------------------
     0 | D:1      | Flugkiller the Minotaur Fighter began the quest for the
                  | Orb.
     0 | D:1      | Reached XP level 1. HP: 19/19 MP: 0/0
   195 | D:1      | Found a faded altar of an unknown god.
   216 | D:1      | Reached skill level 3 in Axes
   216 | D:1      | Reached XP level 2. HP: 27/27 MP: 1/1
   238 | D:1      | Prayed at the altar of an unknown god.
   238 | D:1      | Became a worshipper of Makhleb the Destroyer
   238 | D:1      | Reached * piety under Makhleb
  1173 | D:2      | Reached XP level 3. HP: 28/33 MP: 2/2
  1669 | D:2      | Noticed Sigmund
  1689 | D:2      | Killed Sigmund
  1690 | D:2      | Reached skill level 5 in Axes
  1690 | D:2      | Reached XP level 4. HP: 33/41 MP: 3/3
  1690 | D:2      | Reached XP level 5. HP: 38/47 MP: 4/4
  1915 | D:3      | Reached skill level 5 in Fighting
  1927 | D:3      | Reached skill level 5 in Armour
  1974 | D:3      | Reached ** piety under Makhleb
  2140 | D:3      | Identified the +7 hand axe of Joyful Slaughter {vorpal,
                  | Dex+2}
  2254 | D:3      | Found a glowing drain.
  2263 | Sewer    | Entered a sewer
  2304 | Sewer    | Reached XP level 6. HP: 56/56 MP: 5/5
  2428 | Sewer    | Reached *** piety under Makhleb
  2519 | Sewer    | Reached skill level 6 in Axes
  3129 | D:5      | Entered Level 5 of the Dungeon
  3197 | D:4      | Reached XP level 7. HP: 62/62 MP: 6/6
  3206 | D:4      | Reached skill level 7 in Axes
  3484 | D:4      | Found a bloodstained altar of Trog.
  3586 | D:4      | Reached **** piety under Makhleb
  3931 | D:5      | Reached skill level 1 in Invocations
  4056 | D:5      | Reached skill level 8 in Axes
  4056 | D:5      | Reached XP level 8. HP: 58/71 MP: 7/7
  4057 | D:5      | Noticed Duvessa
  4063 | D:5      | Noticed Dowan
  4064 | D:5      | Noticed Blork the orc
  4068 | D:5      | Killed Duvessa
  4076 | D:5      | Killed Dowan
  4311 | D:5      | Killed Blork the orc
  4340 | D:5      | Noticed Prince Ribbit
  4347 | D:5      | Killed Prince Ribbit
  4348 | D:5      | Reached skill level 9 in Axes
  4520 | D:5      | Found a staircase to the Ecumenical Temple.
  4972 | D:6      | Noticed Eustachio
  4984 | D:6      | Killed Eustachio
  4985 | D:6      | Reached XP level 9. HP: 80/80 MP: 10/10
  5045 | D:6      | Found Ruxyenua's Magic Scroll Emporium.
  5048 | D:6      | Bought a scroll of fear for 60 gold pieces
  5130 | D:6      | Reached skill level 10 in Axes
  5382 | D:6      | Reached ***** piety under Makhleb
  6161 | D:7      | Found Keag Foresa's Weapon Emporium.
  6343 | D:7      | Reached skill level 11 in Axes
  6504 | D:8      | Found a sand-covered staircase.
  6516 | Ossuary  | Entered an ossuary
  7135 | D:8      | Found a stormy altar of Qazlal.
  7191 | D:8      | Reached skill level 5 in Invocations
  7191 | D:8      | Reached XP level 10. HP: 74/90 MP: 12/12
  7352 | D:8      | Found a snail-covered altar of Cheibriados.
  7638 | D:8      | Noticed Gastronok
  7651 | D:8      | Killed Gastronok
  7652 | D:8      | Reached skill level 12 in Axes
  8067 | D:9      | Noticed a manticore
  8069 | D:9      | Found a shimmering blue altar of Sif Muna.
  8078 | D:9      | Killed a manticore
  8298 | D:9      | Found a staircase to the Lair.
  8360 | D:9      | Noticed Maggie
  8369 | D:9      | Killed Maggie
  8375 | D:9      | Found an iron altar of Okawaru.
  8439 | D:9      | Reached skill level 13 in Axes
  8444 | D:9      | Reached skill level 10 in Armour
  8445 | D:9      | Reached skill level 10 in Fighting
  8523 | D:9      | Found a staircase to the Orcish Mines.
  8739 | D:10     | Entered Level 10 of the Dungeon
  8753 | D:10     | Reached XP level 11. HP: 75/99 MP: 14/14
  9209 | D:10     | Noticed a two-headed ogre
  9221 | D:10     | Killed a two-headed ogre
  9489 | D:10     | Found a basalt altar of Yredelemnul.
  9558 | D:10     | Found a runed translucent gate.
  9558 | D:10     | Found a runed translucent gate.
  9558 | D:10     | Found a runed translucent gate.
  9561 | D:10     | Noticed Anothat's ghost (journeyman GnFi)
  9561 | D:10     | Noticed a 12-headed hydra
  9802 | D:11     | Noticed a two-headed ogre
  9806 | D:11     | Killed a two-headed ogre
 10092 | D:11     | Reached skill level 14 in Axes
 10430 | D:11     | Noticed a two-headed ogre
 10438 | D:11     | Killed a two-headed ogre
 10756 | D:11     | Noticed a two-headed ogre
 10766 | D:11     | Killed a two-headed ogre
 11325 | Lair:1   | Entered Level 1 of the Lair of Beasts
 11749 | Lair:1   | Reached skill level 15 in Axes
 12083 | Lair:1   | Reached XP level 12. HP: 104/110 MP: 16/16
 12471 | Lair:2   | Noticed a four-headed hydra
 12480 | Lair:2   | Killed an eight-headed hydra
 12556 | Lair:2   | Found a runed translucent gate.
 12556 | Lair:2   | Found a runed translucent gate.
 12556 | Lair:2   | Found a runed translucent gate.
 12560 | Lair:2   | Noticed Somebody's ghost (journeyman MeWn)
 12742 | Lair:2   | Noticed Fannar
 12759 | Lair:2   | Killed Fannar
 13529 | Lair:2   | Found a staircase to the Swamp.
 13529 | Lair:2   | Noticed a seven-headed hydra
 13529 | Lair:2   | Noticed a seven-headed hydra
 13539 | Lair:2   | HP: 4/112 [11-headed hydra (12)]
 13541 | Lair:2   | Slain by a seven-headed hydra

Illustrated notes

Levels and vault maps discovered:
D:1:      dpeg_arrival_brainrot, layout_loops_ring, basic_ecumenical_altar
D:2:      kennysheep_big_flooded_room, layout_basic, corexii_leaking_fountain,
          uniq_sigmund
D:3:      layout_loops_ring, gup_sewer_entry_bubbles, minmay_shallow_snake_nest
D:4:      layout_rooms, trog_three_pillars_becter, kennysheep_generic_room_2
D:5:      layout_rooms, temple_green, uniq_duvessa, uniq_blork_the_orc,
          uniq_prince_ribbit1
D:6:      layout_loops_corners, serial_shops, kennysheep_mini,
          minmay_starry_boxes, uniq_eustachio
D:7:      layout_rooms, serial_shops, shop
D:8:      layout_cave_pools, mainiacjoe_overflow_alcove_1, grunt_qazlal_clouds,
          enter_ossuary_2, serial_rivers, chequers_serial_rivers_micro_b,
          chequers_serial_rivers_small_a, chequers_serial_rivers_large_b,
          chequers_serial_rivers_micro_b, due_unseen_surprise, uniq_gastronok
D:9:      layout_long_grid, nicolae_sif_muna_condensation, lemuel_doored_altar,
          dpeg_oklobed_lair, orc_0_dummy, uniq_maggie
D:10:     layout_long_grid, yredelemnul_forgotten_temple_becter,
          gammafunk_ghost_hydra_chop
D:11:     layout_roguey, chequers_serial_rivers_micro_a, minivault_1
Lair:1:   layout_roguey
Lair:2:   layout_big_grid, palyth_hydra_swamp_entry, gammafunk_ghost_ooze,
          eino_house_with_fridge, uniq_fannar

Skill      XL: |  1  2  3  4  5  6  7  8  9 10 11 12 |
---------------+-------------------------------------+-----
Axes           | 3 5 6 8 9 11 13 15 | 15.7
Fighting       | 4 5 6 7 8 10 11 | 11.8
Armour         | 4 5 6 7 8 10 11 | 11.8
Invocations    | 1 3 5 6 7 8 |  8.3
Shields        | |  3.6

Action                   |  1- 3 |  4- 6 |  7- 9 | 10-12 || total
-------------------------+-------+-------+-------+-------++-------
Melee: War axe           |    57 |    20 |       |       ||    77
       Headbutt          |     8 |     4 |    43 |   102 ||   157
       Hand axe          |       |    89 |   258 |   370 ||   717
Invok: Lesser Servant of |       |       |       |     7 ||     7
  Use: Potion            |     1 |       |       |       ||     1
       Scroll            |       |       |    14 |    11 ||    25
Armor: Scale mail        |    26 |    47 |       |       ||    73
       Plate armour      |       |     4 |   154 |   192 ||   350
Dodge: Dodged            |    37 |    58 |    61 |    87 ||   243
Block: Buckler           |     8 |    28 |    58 |    71 ||   165
